 Dungeon Crawl Stone Soup version 0.25-a0-614-g73ad250637 (webtiles) character file.

Game seed: 18340573981234083296, levelgen mode: deterministic

226 n0claF the Chopper (level 5, -5/53 HPs)
             Began as a Troll Fighter on Mar 17, 2020.
             Blown up by Ijyb (24 damage)
             ... with a disintegration bolt
             ... on level 3 of the Dungeon.
             The game lasted 00:03:52 (1606 turns).

n0claF the Chopper (Troll Fighter)                  Turns: 1606, Time: 00:03:53

Health: -5/53      AC:  6    Str: 25    XL:     5   Next: 69%
Magic:  4/4        EV:  8    Int:  4    God:
Gold:   127        SH:  8    Dex:  9    Spells: 4/4 levels left

rFire    . . .     SeeInvis .   a - +0 war axe
rCold    . . .     Gourm    +   c - +0 kite shield
rNeg     . . .     Faith    .   b - +0 robe
rPois    .         Spirit   .   (helmet restricted)
rElec    .         Reflect  .   (no cloak)
rCorr    .         Harm     .   (gloves unavailable)
MR       .....                  (boots unavailable)
Stlth    +.........             (no amulet)
HPRegen  0.57/turn              (no ring)
MPRegen  0.09/turn              (no ring)

@: no status effects
A: large, unfitting armour, claws 3, fast metabolism 3, gourmand, regeneration
1, shaggy fur 1, tough skin 3
a: no special abilities


You were on level 3 of the Dungeon.
You were completely stuffed.

You visited 1 branch of the dungeon, and saw 3 of its levels.

You collected 127 gold pieces.

Inventory:

Hand Weapons
 a - a +0 war axe (weapon)
Armour
 b - a +0 robe (worn)
 c - a +0 kite shield (worn)
Jewellery
 g - an uncursed ring of stealth {unknown}
   (You found it on level 1 of the Dungeon)
 h - an uncursed ring of ice {unknown}
   (You found it on level 2 of the Dungeon)
Scrolls
 d - 2 scrolls of remove curse {unknown}
 i - 3 scrolls of identify {unknown}
 n - a scroll of fear {unknown}
 o - a scroll of amnesia {unknown}
Potions
 f - a potion of invisibility {unknown}
 j - a potion of flight {unknown}
 k - a potion of curing {unknown}
 m - a potion of cancellation {unknown}
 p - a potion of mutation {unknown}
 q - a potion of heal wounds {unknown}
Comestibles
 e - 6 rations {!d}
 l - 8 chunks of flesh


   Skills:
 + Level 3.3 Fighting
 * Level 3.7 Axes
 + Level 3.3 Dodging
 - Level 2.4 Shields


You had 4 spell levels left.
You didn't know any spells.
Your spell library contained the following spells:

 Spells                   Type           Power        Failure   Level  Hunger
 Beastly Appendage        Tmut           #.....       93%         1    ##.....
 Sticks to Snakes         Tmut           #.......     98%         2    ###....
 Spider Form              Tmut/Pois      #.........   100%        3    ####...
 Ice Form                 Ice/Tmut       #.......     100%        4    #####..
 Blade Hands              Tmut           #.........   100%        5    ######.


Dungeon Overview and Level Annotations

Branches:
Dungeon (3/15)

Altars:
Gozag
Nemelex Xobeh
Okawaru
Vehumet
Yredelemnul
The Shining One

Annotations:
D:3 Ijyb


Innate Abilities, Weirdness & Mutations

You are too large for most types of armour.
You have claws for hands.
Your metabolism is lightning-fast.
You like to eat raw meat.
Your natural rate of healing is unusually fast.
You are covered in fur. (AC +1)
You have extremely tough skin. (AC +3)


Message History

No target in view!
No target in view!
No target in view!
Eating one of 4 chunks of flesh.
You eat one of the 4 chunks of flesh.
This raw flesh tastes great.
You butcher the jackal corpse.
l - 4 chunks of flesh (gained 1)
You see here a jackal skeleton. x2
You butcher the quokka corpse.
l - 6 chunks of flesh (gained 2)
You see here a quokka skeleton. x2
You now have 127 gold pieces (gained 15).
You butcher the bat corpse.
l - 7 chunks of flesh (gained 1)
You see here a bat skeleton. x2
You butcher the jackal corpse.
l - 8 chunks of flesh (gained 1)
You see here a jackal skeleton. x2
You see here a bat skeleton.
Found a stone staircase leading down.
Found a stone staircase leading up.
Found 5 gold pieces.
Ijyb the Twisted Goblin comes into view.
She is carrying a wand of disintegration (11).
Ijyb shouts!
Ijyb moves out of view.
There is a stone staircase leading up here.
You closely miss Ijyb. Ijyb hits you. You block Ijyb's attack.
You hit Ijyb but do no damage.
Ijyb zaps a wand.
You are blasted!
You barely miss Ijyb. Ijyb hits you but does no damage.
You hit Ijyb.
Ijyb zaps a wand.
You are blasted!
Ijyb zaps a wand.
You are blasted!
Ouch! That really hurt!
* * * LOW HITPOINT WARNING * * *
Ijyb closely misses you.
Okay, then.
You hit Ijyb.
Ijyb zaps a wand.
You are blasted!
* * * LOW HITPOINT WARNING * * *
You barely miss Ijyb.
Ijyb zaps a wand.
You barely resist.
Ijyb zaps a wand.
You are blasted!
You die...

.....[.##### .###.#.#
######### .###.#.###.......#
.<...............#
#.#..............#
#.#........#.##### #
#.#........#.# ..#
#.#.)......#.##########....#
#.#...>.........@g..<$.....+
#.#........#.#####.........#
#.####.......# #.........#
...#####.##### #..........
#........# .......####
..÷......# ........#
##.÷.....# .........#
##.......# ^.........#
.÷÷......#


You could see Ijyb.

Vanquished Creatures
  Sigmund (D:2)
  An adder (D:2)
  An ooze (D:2)
  2 dart slugs
  A leopard gecko (D:1)
  An orc (D:3)
  A ball python (D:1)
  2 giant cockroaches
  3 goblins
  8 hobgoblins
  7 jackals
  A quokka (D:3)
  9 bats
  3 frilled lizards
  7 kobolds
  7 rats
55 creatures vanquished.

Notes
Turn   | Place    | Note
-------+----------+-------------------------------------------
     0 | D:1      | n0claF the Troll Fighter began the quest for the Orb.
     0 | D:1      | Reached XP level 1. HP: 22/22 MP: 0/0
   151 | D:1      | Reached XP level 2. HP: 29/29 MP: 1/1
   337 | D:1      | You fall into a shaft and drop 1 floor!
   379 | D:2      | Found an opulent altar of Gozag.
   782 | D:2      | Reached XP level 3. HP: 34/36 MP: 2/2
   922 | D:2      | Noticed Sigmund
   951 | D:2      | HP: 1/36 [Sigmund/magic dart (4)]
   953 | D:2      | Killed Sigmund
   953 | D:2      | Reached XP level 4. HP: 2/45 MP: 3/3
   953 | D:2      | Reached XP level 5. HP: 3/53 MP: 4/4
  1414 | D:2      | Found a glowing golden altar of the Shining One.
  1414 | D:2      | Found an iron altar of Okawaru.
  1415 | D:2      | Found a basalt altar of Yredelemnul.
  1428 | D:2      | Found a sparkling altar of Nemelex Xobeh.
  1518 | D:3      | Found a radiant altar of Vehumet.
  1541 | D:3      | Found a radiant altar of Vehumet.
  1593 | D:3      | Noticed Ijyb
  1606 | D:3      | Blown up by Ijyb

Levels and vault maps discovered:
D:1:      scummos_arrival_simple_crosswalls, layout_basic,
          minmay_misc_feat_plants, grunt_decor_one_mirror,
          minmay_misc_feat_roman
D:2:      layout_basic, nicolae_overflow_quartered_altars, lemuel_crystal_altar,
          hangedman_feature_mirror, minmay_pentomino_s2, uniq_sigmund
D:3:      layout_basic, lemuel_doored_altar, lemuel_tele_altar, uniq_ijyb

Skill      XL: |  1  2  3 |
---------------+----------+-----
Axes           | 2 3 |  3.7
Fighting       | 3 |  3.3
Dodging        | 3 |  3.3
Shields        | |  2.4

Action                   |  1- 3 |  4- 6 || total
-------------------------+-------+-------++-------
Melee: War axe           |   105 |    55 ||   160
  Use: Potion            |     1 |       ||     1
 Stab: Sleeping          |     1 |       ||     1
  Eat: Chunk             |    15 |     6 ||    21
Armor: Robe              |    49 |    16 ||    65
Dodge: Dodged            |    58 |    16 ||    74
Block: Kite shield       |    50 |    21 ||    71

Table legend:
 A = Non-vault XP
 B = Vault XP
 C = Vault XP percentage of total XP
 D = Non-vault monster count
 E = Vault monster count
 F = Vault count percentage of total count
                 A         B        C        D         E       F
            +---------+---------+-------+---------+---------+-------
      Total |     103 |     220 |  68.1 |      50 |       5 |   9.1
            +---------+---------+-------+---------+---------+-------
        D:1 |      32 |       0 |   0.0 |      18 |       0 |   0.0
        D:2 |      59 |     220 |  78.9 |      26 |       5 |  16.1
        D:3 |      12 |       0 |   0.0 |       6 |       0 |   0.0
            +---------+---------+-------+---------+---------+-------
